Map: NeoHumanity LE

Players

NeoSurfer

  • Race: Terran Terran
  • League: Diamond
  • Spawn Location: 11:00

Zerus - Winner!

  • Race: Protoss Protoss
  • League: Master
  • Spawn Location: 5:00

VOD

Have the link to the VOD?

Description

Time

  • Played on: July 14, 2023, 9:49 p.m.
  • Length: 18:31
Show
View Real Time Build Order
Export as new Build Order

NeoSurfer Terran 

Build Orders:  

Get SALT Encoding   

  12  0:00  SCV  
  13  0:13  SCV  
  14  0:17  Supply Depot  
  14  0:25  SCV  
  15  0:38  SCV  
  15  0:42  Barracks  
  16  0:47  Refinery  
  16  0:51  SCV  
  17  1:03  SCV  
  18  1:15  SCV  
  18  1:17  Supply Depot  
  19  1:30  Reaper  
  19  1:31  Orbital Command  
  20  1:49  Bunker  
  20  1:55  Supply Depot  
  20  2:03  Marine  
  20  2:04  SCV  
  22  2:17  SCV  
  23  2:23  Supply Depot  
  23  2:34  Marine  
  24  2:41  Command Center  
  24  2:42  Barracks  
  24  2:46  Barracks  
  24  2:50  SCV  
  25  2:57  Barracks Reactor  
  24  3:03  SCV  
  25  3:08  Refinery  
  25  3:10  Factory  
  25  3:15  SCV  
  26  3:32  Barracks Tech Lab  
  26  3:34  Marine x2  
  26  3:35  Barracks Tech Lab  
  28  3:50  SCV  
  28  3:58  Marauder  
  28  3:59  Concussive Shells  
  28  4:01  Stimpack  
  32  4:03  Marauder  
  32  4:04  SCV  
  32  4:05  Orbital Command  
  33  4:16  SCV  
  34  4:20  Marauder  
  38  4:24  Marauder  
  38  4:25  Marine  
  38  4:27  Marine  
  38  4:28  SCV  
  41  4:34  Supply Depot  
  41  4:41  SCV, Marauder  
  41  4:43  Marine  
  41  4:45  Marine  
  46  4:48  Factory Reactor  
  46  4:49  Starport  
  46  4:55  SCV  
  46  4:56  Marauder  
  46  4:58  Supply Depot  
  49  5:00  Marine  
  49  5:02  Marine  
  49  5:03  Reaper  
  52  5:08  SCV  
  52  5:10  SCV  
  54  5:17  Marine  
  54  5:20  SCV, Marauder  
  58  5:24  SCV  
  59  5:33  Medivac  
  61  5:37  Medivac  
  63  5:46  SCV, Marauder  
  63  5:48  Supply Depot  
  66  5:52  Factory Tech Lab  
  66  5:53  Marine  
  66  5:54  Marauder, Marine  
  70  6:09  SCV, Marine  
  72  6:12  Marine  
  72  6:13  Supply Depot  
  72  6:15  Marauder  
  75  6:32  Marine  
  77  6:33  Marauder  
  77  6:34  Marine  
  77  6:37  Marauder  
  81  6:50  Marine  
  81  6:52  Marine  
  85  6:54  Marauder  
  85  6:59  Supply Depot  
  85  7:08  Marine  
  86  7:21  Marauder x2, Siege Tank, Marine  
  75  7:31  Orbital Command  
  75  7:33  Medivac  
  75  7:34  Medivac  
  75  7:37  Marine  
  79  7:39  Supply Depot, Marine  
  79  7:43  Marauder  
  81  7:45  Engineering Bay  
  78  7:52  Marauder  
  78  7:54  Marine  
  80  8:05  Marauder, Marine  
  83  8:11  SCV  
  83  8:12  SCV, Marine  
  85  8:17  Medivac  
  85  8:18  Marine  
  89  8:24  SCV x2  
  90  8:36  SCV  
  91  8:42  Terran Infantry Weapons Level 1  
  91  8:44  Engineering Bay, Marauder, Marine x2  
  91  8:46  Marauder  
  94  9:02  Marine x2  
  93  9:06  Marauder  
  95  9:13  Marauder  
  95  9:18  Medivac  
  95  9:20  Marine  
  98  9:27  Marauder  
  100  9:35  Marauder  
  87  9:49  Marauder  
  76  10:05  Marauder, Marine x2  
  80  10:09  Marine  
  81  10:23  Terran Infantry Armor Level 1  
  81  10:26  Barracks  
  81  10:27  Marauder, Supply Depot  
  79  10:28  Marine x2  
  79  10:29  Marauder  
  79  10:32  Barracks x2  
  83  10:46  Marine x2  
  83  10:48  Marauder  
  83  10:49  Marine  
  68  11:27  Marauder, Marine x2  
  68  11:29  Command Center  
  72  11:37  Marauder  
  72  11:38  Barracks Tech Lab x2  
  72  11:39  Barracks Reactor  
  74  11:42  Medivac  
  74  11:43  Medivac  
  74  11:45  SCV, Marine x2  
  81  11:48  Marauder  
  83  11:54  Refinery  
  83  11:58  Marauder, Marine  
  83  12:01  Refinery  
  86  12:02  Marine  
  86  12:03  Marine  
  86  12:08  Marauder  
  90  12:10  Marauder  
  92  12:16  Marauder  
  92  12:19  Marine  
  95  12:32  Bunker  
  95  12:34  Marine  
  95  12:41  SCV, Marauder x2  
  100  12:49  Bunker  
  99  13:13  Marine x2  
  99  13:14  Marauder  
  98  13:32  Medivac  
  98  13:33  Medivac  
  98  13:34  Marauder x2, Marine x2  
  102  13:36  Marine x2  
  102  13:37  Marauder  
  87  13:51  Marauder, Marine  
  90  13:58  Orbital Command  
  89  14:33  Orbital Command  
  85  14:51  Marauder x2, Marine x2  
  85  14:52  Marauder, Marine  
  89  15:20  Marauder x2, Medivac, Marine x2  
  89  15:21  Medivac, Marine x2  
  74  15:22  Marauder  
  74  15:23  Marauder  
  72  15:29  Refinery  
  72  15:31  Refinery  
  72  15:37  Marine x2  
  72  15:39  Marine x2  
  72  15:41  Marauder  
  78  15:43  Bunker  
  78  15:45  Marauder, Marine  
  81  15:50  Medivac  
  81  15:52  Marauder  
  81  15:55  Marine  
  86  16:17  Marauder, Marine x2  
  62  16:34  Marine  
  62  16:35  Marauder  
  65  16:40  SCV, Bunker  
  65  16:41  SCV  
  65  16:45  Marine x2  
  65  16:46  Marauder  
  71  16:48  Marauder, Marine x2  
  71  16:53  SCV x2, Medivac x2  
  81  17:05  SCV x2  
  83  17:16  Bunker  
  83  17:17  SCV  
  63  18:03  Marauder x2, Marine x2  
  63  18:04  Marauder x2, Marine  
Show
View Real Time Build Order
Export as new Build Order

Zerus Protoss - Winner!

Build Orders: Blink Stalkers 

Get SALT Encoding   

  12  0:01  Probe  
  13  0:13  Probe  
  14  0:20  Pylon  
  14  0:25  Probe  
  15  0:38  Probe  
  15  0:39  Gateway  
  16  0:48  Assimilator  
  16  0:50  Probe  
  17  1:03  Probe  
  18  1:15  Probe  
  19  1:20  Assimilator  
  19  1:21  Gateway  
  19  1:26  Cybernetics Core  
  19  1:32  Probe  
  20  1:44  Pylon  
  20  1:45  Probe  
  21  1:54  Pylon  
  21  1:57  Probe  
  22  2:03  Warp Gate (Chrono Boost)  
  22  2:06  Stalker (Chrono Boost)  
  24  2:18  Stalker (Chrono Boost)  
  24  2:20  Probe  
  29  2:30  Stalker (Chrono Boost)  
  28  2:37  Probe  
  29  2:48  Twilight Council  
  29  2:55  Shield Battery  
  29  2:59  Shield Battery  
  29  3:04  Probe  
  30  3:11  Stalker  
  32  3:20  Pylon  
  32  3:21  Blink (Chrono Boost)  
  32  3:40  Probe  
  33  3:45  Stalker  
  35  4:01  Gateway  
  35  4:06  Stalker  
  36  4:10  Stalker  
  38  4:20  Gateway  
  38  4:25  Pylon  
  38  4:30  Probe  
  39  4:36  Stalker  
  41  4:45  Stalker  
  43  4:48  Probe  
  44  5:00  Probe  
  44  5:06  Stalker  
  47  5:10  Stalker  
  47  5:12  Probe (Chrono Boost)  
  50  5:19  Stalker  
  52  5:24  Probe (Chrono Boost)  
  53  5:32  Stalker  
  55  5:39  Pylon  
  56  5:57  Probe  
  56  6:02  Nexus  
  56  6:05  Sentry  
  56  6:07  Sentry  
  56  6:10  Sentry  
  62  6:17  Pylon  
  63  6:18  Probe  
  63  6:24  Pylon  
  63  6:36  Sentry  
  63  6:39  Sentry, Stalker  
  69  6:46  Stalker  
  71  6:53  Probe  
  72  7:05  Probe  
  70  7:19  Stalker  
  70  7:20  Stalker x2  
  67  7:28  Probe x2  
  69  7:40  Probe  
  70  7:49  Stalker  
  67  8:06  Probe x2  
  69  8:18  Probe  
  70  8:22  Stalker  
  71  8:32  Charge (Chrono Boost)  
  71  8:36  Probe (Chrono Boost)  
  71  8:37  Probe (Chrono Boost)  
  73  8:43  Stalker  
  77  8:48  Probe (Chrono Boost)  
  77  8:49  Nexus, Probe (Chrono Boost)  
  77  8:55  Probe (Chrono Boost)  
  72  9:08  Stalker x2  
  67  9:15  Probe  
  67  9:18  Probe  
  61  9:31  Stalker x2  
  65  9:42  Probe  
  60  9:47  Probe  
  59  9:56  Probe  
  59  9:59  Probe  
  61  10:02  Nexus  
  61  10:03  Forge  
  61  10:08  Probe  
  61  10:09  Nexus  
  61  10:11  Zealot, Probe  
  65  10:19  Gateway  
  65  10:20  Probe (Chrono Boost)  
  66  10:28  Gateway  
  66  10:29  Probe (Chrono Boost)  
  66  10:32  Probe (Chrono Boost)  
  68  10:39  Probe (Chrono Boost)  
  68  10:40  Probe (Chrono Boost)  
  63  10:54  Zealot  
  50  11:14  Probe x3  
  53  11:26  Probe x2 (Chrono Boost)  
  53  11:28  Probe (Chrono Boost)  
  53  11:31  Nexus  
  56  11:34  Stalker x2  
  56  11:36  Probe (Chrono Boost)  
  56  11:37  Probe (Chrono Boost)  
  56  11:38  Probe (Chrono Boost)  
  63  11:41  Probe (Chrono Boost)  
  63  11:42  Protoss Ground Weapons Level 1, Probe (Chrono Boost)  
  65  11:53  Probe x3  
  68  12:01  Pylon  
  68  12:02  Stalker  
  68  12:05  Probe x3  
  68  12:07  Stalker  
  75  12:16  Zealot  
  77  12:24  Gateway  
  77  12:26  Photon Cannon  
  77  12:28  Probe  
  77  12:29  Probe  
  79  12:33  Photon Cannon  
  77  12:39  Zealot x3  
  77  12:41  Probe (Chrono Boost)  
  85  12:44  Probe (Chrono Boost)  
  85  12:51  Probe x2 (Chrono Boost)  
  88  12:53  Probe (Chrono Boost)  
  88  12:57  Probe (Chrono Boost)  
  91  12:59  Probe x2 (Chrono Boost)  
  91  13:00  Zealot x3  
  97  13:07  Probe x2  
  97  13:09  Probe  
  97  13:10  Probe  
  101  13:18  Gateway  
  101  13:19  Probe  
  97  13:21  Zealot x3  
  97  13:22  Zealot  
  103  13:28  Probe x2  
  99  13:47  Probe (Chrono Boost)  
  94  13:48  Zealot x2  
  94  13:49  Zealot x2, Probe x2 (Chrono Boost)  
  94  13:52  Protoss Ground Weapons Level 2 (Chrono Boost)  
  94  13:53  Probe (Chrono Boost)  
  103  13:59  Probe (Chrono Boost)  
  103  14:02  Nexus  
  106  14:04  Probe x2 (Chrono Boost)  
  106  14:07  Forge  
  106  14:08  Probe (Chrono Boost)  
  106  14:09  Pylon x2  
  106  14:10  Probe  
  106  14:11  Probe  
  106  14:12  Probe  
  110  14:19  Pylon  
  110  14:20  Probe  
  103  14:24  Probe  
  103  14:26  Zealot x5  
  110  14:37  Probe  
  97  14:46  Zealot x3  
  97  14:47  Zealot x2  
  107  14:57  Probe  
  104  15:03  Shield Battery  
  104  15:04  Shield Battery  
  104  15:07  Zealot x5  
  103  15:13  Probe  
  103  15:14  Probe x2  
  102  15:21  Nexus  
  102  15:25  Probe  
  102  15:26  Probe x2  
  105  15:35  Gateway  
  105  15:36  Gateway  
  105  15:37  Gateway, Probe  
  105  15:38  Gateway, Pylon, Probe x2  
  105  15:40  Zealot  
  105  15:41  Zealot  
  112  15:42  Protoss Ground Armor Level 1 (Chrono Boost)  
  112  15:46  Zealot x2  
  112  15:49  Probe (Chrono Boost)  
  118  15:54  Probe x2 (Chrono Boost)  
  118  15:56  Probe (Chrono Boost)  
  120  15:57  Stalker  
  120  16:01  Probe (Chrono Boost)  
  119  16:16  Probe x2  
  119  16:24  Stalker x5  
  125  16:25  Probe  
  125  16:33  Pylon  
  125  16:35  Gateway, Probe  
  125  16:36  Gateway  
  125  16:39  Assimilator, Probe  
  127  16:40  Probe x3  
  127  16:41  Assimilator x2  
  127  16:43  Assimilator x2  
  127  16:44  Assimilator  
  129  16:47  Stalker x3, Gateway  
  129  16:48  Gateway  
  129  16:49  Pylon  
  129  16:51  Stalker  
  129  16:52  Gateway  
  137  17:00  Stalker x2  
  137  17:01  Stalker x3  
  147  17:05  Pylon  
  147  17:08  Pylon  
  147  17:17  Probe x3  
  147  17:18  Probe  
  147  17:19  Probe  
  152  17:29  Probe  
  121  17:53  Zealot x3  
  121  17:54  Zealot x10  
  121  17:55  Zealot  
  143  18:01  Probe x3  
  136  18:23  Stalker x2  
  136  18:24  Stalker x6  
  136  18:25  Stalker x4  
  136  18:26  Stalker x2  
Tags
 
Add a new tag
Caveats
  • Supply blocks, unpowered buildings, or Contaminate may cause inaccurate times.
  • Supply counts are checked every 10 seconds.